TOP OF THE 1ST |
Memphis Redbirds batting - Pitching for Indianapolis Indians : RHP Curt Campbell
|
Pitching: RHP Curt Campbell
|
|
Batting: LHB Adam Eisen
|
0-0: Ball 1-0: Ball 2-0: Called Strike 2-1: Ball 3-1: Foul Ball, location: 2F 3-2: Foul Ball, location: 2F 3-2: Base on Balls
|
Batting: SHB Dan Lash
|
0-0: Ball 1-0: Foul Ball, location: 2F 1-1: Ball 2-1: Foul Ball, location: 2F 2-2: Ball 3-2: Strikes out swinging Adam Eisen steals 2nd base Batter strikes out.
|
Batting: LHB Colin Worthington
|
0-0: Called Strike 0-1: Ball 1-1: Ball 2-1: Foul Ball, location: 2F 2-2: Fly out, F7 (Flyball, 78M, EV 86.2 MPH)
|
Batting: RHB Joe Alley
|
0-0: Called Strike 0-1: Swinging Strike 0-2: Foul Ball, location: 2F 0-2: Strikes out looking
|
Top of the 1st over - 0 runs, 0 hits, 0 errors, 1 left on base; Memphis 0 - Indianapolis 0 |
BOTTOM OF THE 1ST |
Indianapolis Indians batting - Pitching for Memphis Redbirds : LHP Tsugunosuke Murakami
|
Pitching: LHP Tsugunosuke Murakami
|
|
Batting: RHB Jerry Escamilla
|
0-0: Ball 1-0: Ball 2-0: SINGLE (Line Drive, 34, EV 98.1 MPH)
|
Batting: RHB Bubba Tierney
|
0-0: Ball 1-0: 2-RUN HOME RUN (Line Drive, 89XD, EV 108.8 MPH), Distance : 422 ft
|
Batting: RHB Adam Kaeser
|
0-0: Called Strike 0-1: Foul Ball, location: 2F 0-2: Ball 1-2: Foul Ball, location: 2F 1-2: Ball 2-2: Strikes out looking
|
Batting: RHB Chris Pozzi
|
0-0: Called Strike 0-1: Ball 1-1: Swinging Strike 1-2: Ball 2-2: Ball 3-2: Foul Ball, location: 2F 3-2: Strikes out swinging, 2-3 out at first.
|
Batting: RHB Isaiah Yarbrough
|
0-0: Ball 1-0: Ball 2-0: Foul Ball, location: 2F 2-1: SINGLE (Line Drive, 9S, EV 88.1 MPH)
|
Batting: RHB Luis Ramos
|
0-0: Ball 1-0: Called Strike Isaiah Yarbrough is caught stealing 2nd base 2-4
|
Bottom of the 1st over - 2 runs, 3 hits, 0 errors, 0 left on base; Memphis 0 - Indianapolis 2 |
TOP OF THE 2ND |
Memphis Redbirds batting - Pitching for Indianapolis Indians : RHP Curt Campbell
|
Batting: RHB Danny Gallo
|
0-0: Ball 1-0: Called Strike 1-1: Ball 2-1: Ball 3-1: Base on Balls
|
Batting: LHB Ronnie Ashley
|
0-0: Fly out, F9 (Flyball, 9D, EV 96.2 MPH)
|
Batting: LHB John Bailey
|
0-0: Called Strike 0-1: Fly out, F9 (Flyball, 9D, EV 85.0 MPH)
|
Batting: RHB Josh Martin
|
0-0: Fly out, F9 (Line Drive, 89D, EV 95.6 MPH)
|
Top of the 2nd over - 0 runs, 0 hits, 0 errors, 1 left on base; Memphis 0 - Indianapolis 2 |
BOTTOM OF THE 2ND |
Indianapolis Indians batting - Pitching for Memphis Redbirds : LHP Tsugunosuke Murakami
|
Batting: RHB Luis Ramos
|
0-0: Called Strike 0-1: Called Strike 0-2: Ground out 6-3 (Groundball, 6, EV 98.8 MPH)
|
Batting: LHB Marc Carter
|
0-0: Called Strike 0-1: Ball 1-1: Swinging Strike 1-2: Strikes out swinging
|
Batting: LHB Edwin Aguilar
|
0-0: Swinging Strike 0-1: Swinging Strike 0-2: Ball 1-2: Ball 2-2: Foul Ball, location: 2F 2-2: Foul Ball, location: 2F 2-2: Fly out, F3 (Popup, 3SF, EV 75.6 MPH)
|
Bottom of the 2nd over - 0 runs, 0 hits, 0 errors, 0 left on base; Memphis 0 - Indianapolis 2 |
TOP OF THE 3RD |
Memphis Redbirds batting - Pitching for Indianapolis Indians : RHP Curt Campbell
|
Batting: RHB Roberto Duron
|
0-0: Foul Ball, location: 2F 0-1: Ball 1-1: Foul Ball, location: 2F 1-2: Ball 2-2: Foul Ball, location: 2F 2-2: Ground out 6-3 (Groundball, 6, EV 107.5 MPH)
|
Batting: LHB Adam Eisen
|
0-0: Foul Ball, location: 2F 0-1: Ball 1-1: Ball 2-1: Swinging Strike 2-2: Strikes out looking
|
Batting: SHB Dan Lash
|
0-0: Ground out 4-3 (Groundball, 4M, EV 103.1 MPH)
|
Top of the 3rd over - 0 runs, 0 hits, 0 errors, 0 left on base; Memphis 0 - Indianapolis 2 |
BOTTOM OF THE 3RD |
Indianapolis Indians batting - Pitching for Memphis Redbirds : LHP Tsugunosuke Murakami
|
Batting: RHB Slamet Pamungkas
|
0-0: Ground out 4-3 (Groundball, 4, EV 83.1 MPH)
|
Batting: RHB Jerry Escamilla
|
0-0: Called Strike 0-1: Ground out 6-3 (Groundball, 6, EV 85.0 MPH)
|
Batting: RHB Bubba Tierney
|
0-0: Ball 1-0: Foul Ball, location: 2F 1-1: Swinging Strike 1-2: Foul Ball, location: 2F 1-2: Ball 2-2: Ball 3-2: Base on Balls
|
Batting: RHB Adam Kaeser
|
0-0: Called Strike Bubba Tierney steals 2nd base (no throw) 0-1: SINGLE (Groundball, 6MS, EV 86.9 MPH) (infield hit) Bubba Tierney to third
|
Batting: RHB Chris Pozzi
|
0-0: Ball 1-0: Ball 2-0: Called Strike 2-1: Swinging Strike 2-2: Ball 3-2: Strikes out looking
|
Bottom of the 3rd over - 0 runs, 1 hit, 0 errors, 2 left on base; Memphis 0 - Indianapolis 2 |
TOP OF THE 4TH |
Memphis Redbirds batting - Pitching for Indianapolis Indians : RHP Curt Campbell
|
Batting: LHB Colin Worthington
|
0-0: Swinging Strike 0-1: Ball 1-1: Foul Ball, location: 2F 1-2: Fly out, F9 (Flyball, 89S, EV 88.8 MPH)
|
Batting: RHB Joe Alley
|
0-0: Ball 1-0: Swinging Strike 1-1: Foul Ball, location: 2F 1-2: Foul Ball, location: 2F 1-2: Strikes out looking
|
Batting: RHB Danny Gallo
|
0-0: Ball 1-0: Foul Ball, location: 2F 1-1: Ball 2-1: Foul Ball, location: 2F 2-2: Foul Ball, location: 2F 2-2: Foul Ball, location: 2F 2-2: Strikes out looking
|
Top of the 4th over - 0 runs, 0 hits, 0 errors, 0 left on base; Memphis 0 - Indianapolis 2 |
BOTTOM OF THE 4TH |
Indianapolis Indians batting - Pitching for Memphis Redbirds : LHP Tsugunosuke Murakami
|
Batting: RHB Isaiah Yarbrough
|
0-0: Called Strike 0-1: Ball 1-1: Ball 2-1: Fly out, F7 (Line Drive, 7S, EV 85.0 MPH)
|
Batting: RHB Luis Ramos
|
0-0: Ball 1-0: Ball 2-0: Called Strike 2-1: Swinging Strike 2-2: Foul Ball, location: 2F 2-2: Ball 3-2: Fly out, F8 (Flyball, 8RXD, EV 86.2 MPH)
|
Batting: LHB Marc Carter
|
0-0: Called Strike 0-1: Foul Ball, location: 2F 0-2: Ball 1-2: Ball 2-2: Fly out, F7 (Flyball, 7S, EV 71.9 MPH)
|
Bottom of the 4th over - 0 runs, 0 hits, 0 errors, 0 left on base; Memphis 0 - Indianapolis 2 |
TOP OF THE 5TH |
Memphis Redbirds batting - Pitching for Indianapolis Indians : RHP Curt Campbell
|
Batting: LHB Ronnie Ashley
|
0-0: Ground out 6-3 (Groundball, 6, EV 103.8 MPH)
|
Batting: LHB John Bailey
|
0-0: Ball 1-0: Fly out, F8 (Flyball, 8LD, EV 83.8 MPH)
|
Batting: RHB Josh Martin
|
0-0: Ball 1-0: Fly out, F9 (Flyball, 89S, EV 90.6 MPH)
|
Top of the 5th over - 0 runs, 0 hits, 0 errors, 0 left on base; Memphis 0 - Indianapolis 2 |
BOTTOM OF THE 5TH |
Indianapolis Indians batting - Pitching for Memphis Redbirds : LHP Tsugunosuke Murakami
|
Batting: LHB Edwin Aguilar
|
0-0: Ball 1-0: Ground out U3 (Groundball, 3, EV 83.1 MPH)
|
Batting: RHB Slamet Pamungkas
|
0-0: Ball 1-0: Ground out 5-3 (Groundball, 56, EV 85.6 MPH)
|
Batting: RHB Jerry Escamilla
|
0-0: SINGLE (Groundball, 56, EV 101.9 MPH) (infield hit)
|
Batting: RHB Bubba Tierney
|
0-0: Called Strike 0-1: Ball 1-1: Swinging Strike 1-2: Ball 2-2: Foul Ball, location: 2F 2-2: Ball 3-2: Ground out 4-3 (Groundball, 4, EV 78.8 MPH)
|
Bottom of the 5th over - 0 runs, 1 hit, 0 errors, 1 left on base; Memphis 0 - Indianapolis 2 |
TOP OF THE 6TH |
Memphis Redbirds batting - Pitching for Indianapolis Indians : RHP Curt Campbell
|
Batting: RHB Roberto Duron
|
0-0: Called Strike 0-1: Ground out 5-3 (Groundball, 56, EV 101.2 MPH)
|
Batting: LHB Adam Eisen
|
0-0: Called Strike 0-1: Called Strike 0-2: Ball 1-2: Foul Ball, location: 2F 1-2: Foul Ball, location: 2F 1-2: Ball 2-2: Foul Ball, location: 2F 2-2: Strikes out swinging
|
Batting: SHB Dan Lash
|
0-0: Called Strike 0-1: Ball 1-1: Foul Ball, location: 2F 1-2: Strikes out swinging
|
Top of the 6th over - 0 runs, 0 hits, 0 errors, 0 left on base; Memphis 0 - Indianapolis 2 |
BOTTOM OF THE 6TH |
Indianapolis Indians batting - Pitching for Memphis Redbirds : LHP Tsugunosuke Murakami
|
Batting: RHB Adam Kaeser
|
0-0: Called Strike 0-1: Ball 1-1: Ball 2-1: SINGLE (Groundball, 34D, EV 103.1 MPH)
|
Batting: RHB Chris Pozzi
|
0-0: Ball 1-0: Called Strike 1-1: Swinging Strike 1-2: Strikes out swinging
|
Batting: RHB Isaiah Yarbrough
|
0-0: Fly out, F6 (Line Drive, 6, EV 66.2 MPH)
|
Batting: RHB Luis Ramos
|
0-0: Called Strike 0-1: SINGLE (Groundball, 6, EV 99.4 MPH) Adam Kaeser to second
|
Batting: LHB Marc Carter
|
0-0: Called Strike 0-1: Swinging Strike 0-2: Foul Ball, location: 2F 0-2: Ground out 4-3 (Groundball, 4, EV 85.6 MPH)
|
Bottom of the 6th over - 0 runs, 2 hits, 0 errors, 2 left on base; Memphis 0 - Indianapolis 2 |
TOP OF THE 7TH |
Memphis Redbirds batting - Pitching for Indianapolis Indians : RHP Curt Campbell
|
Batting: LHB Colin Worthington
|
0-0: Called Strike 0-1: Called Strike 0-2: Foul Ball, location: 2F 0-2: Ball 1-2: Ground out 1-3 (Groundball, 13S, EV 73.8 MPH)
|
Batting: RHB Joe Alley
|
0-0: Called Strike 0-1: Ball 1-1: Ball 2-1: Ball 3-1: Ground out 4-3 (Groundball, 34, EV 86.9 MPH)
|
Batting: RHB Danny Gallo
|
0-0: Ball 1-0: Foul Ball, location: 2F 1-1: Fly out, F9 (Flyball, 9S, EV 85.6 MPH)
|
Top of the 7th over - 0 runs, 0 hits, 0 errors, 0 left on base; Memphis 0 - Indianapolis 2 |
BOTTOM OF THE 7TH |
Indianapolis Indians batting - Pitching for Memphis Redbirds : LHP Tsugunosuke Murakami
|
Batting: LHB Edwin Aguilar
|
0-0: Called Strike 0-1: Ball 1-1: SINGLE (Flyball, 3D, EV 88.1 MPH)
|
Pitching: LHP Michael Twigg
|
|
Batting: RHB Slamet Pamungkas
|
0-0: Bunt missed! 0-1: Bunted foul 0-2: Fly out, F8 (Line Drive, 8LM, EV 90.6 MPH)
|
Batting: RHB Jerry Escamilla
|
0-0: Ball 1-0: Called Strike 1-1: 2-RUN HOME RUN (Flyball, 7D, EV 105.0 MPH), Distance : 388 ft
|
Batting: RHB Bubba Tierney
|
0-0: Called Strike 0-1: Ball 1-1: Ball 2-1: Ground out 4-3 (Groundball, 34, EV 109.4 MPH)
|
Batting: RHB Adam Kaeser
|
0-0: Fly out, F7 (Flyball, 7S, EV 95.6 MPH)
|
Bottom of the 7th over - 2 runs, 2 hits, 0 errors, 0 left on base; Memphis 0 - Indianapolis 4 |
TOP OF THE 8TH |
Memphis Redbirds batting - Pitching for Indianapolis Indians : RHP Curt Campbell
|
Batting: LHB Ronnie Ashley
|
0-0: Ball 1-0: Fly out, F8 (Flyball, 8RM, EV 75.6 MPH)
|
Batting: LHB John Bailey
|
0-0: SINGLE (Line Drive, 8LS, EV 109.4 MPH)
|
Batting: RHB Josh Martin
|
0-0: Ball 1-0: Called Strike 1-1: Ball 2-1: Swinging Strike 2-2: Foul Ball, location: 2F 2-2: Ball 3-2: Foul Ball, location: 2F 3-2: Base on Balls John Bailey to second
|
Batting: RHB Roberto Duron
|
0-0: Ball 1-0: Ball 2-0: Ball 3-0: Called Strike 3-1: Foul Ball, location: 2F 3-2: Foul Ball, location: 2F 3-2: Fly out, F7 (Flyball, 7, EV 88.1 MPH)
|
Batting: LHB Adam Eisen
|
0-0: Ball 1-0: Fly out, F9 (Flyball, 9, EV 84.4 MPH)
|
Top of the 8th over - 0 runs, 1 hit, 0 errors, 2 left on base; Memphis 0 - Indianapolis 4 |
BOTTOM OF THE 8TH |
Indianapolis Indians batting - Pitching for Memphis Redbirds : LHP Michael Twigg
|
Batting: RHB Chris Pozzi
|
0-0: Ball 1-0: Ball 2-0: Foul Ball, location: 2F 2-1: Called Strike 2-2: Ball 3-2: Foul Ball, location: 2F 3-2: Ground out 6-3 (Groundball, 56, EV 84.4 MPH)
|
Batting: RHB Isaiah Yarbrough
|
0-0: Ball 1-0: Foul Ball, location: 2F 1-1: Ball 2-1: Swinging Strike 2-2: Ball 3-2: Strikes out swinging
|
Batting: RHB Luis Ramos
|
0-0: Ground out U3 (Groundball, 3, EV 98.8 MPH)
|
Bottom of the 8th over - 0 runs, 0 hits, 0 errors, 0 left on base; Memphis 0 - Indianapolis 4 |
TOP OF THE 9TH |
Memphis Redbirds batting - Pitching for Indianapolis Indians : RHP Curt Campbell
|
Pitching: RHP Robby Poyfair
|
|
Batting: SHB Dan Lash
|
0-0: Ball 1-0: Ground out 3-1 (Groundball, 13, EV 91.9 MPH)
|
Batting: LHB Colin Worthington
|
0-0: Ball 1-0: Called Strike 1-1: Ball 2-1: SINGLE (Groundball, 6S, EV 76.9 MPH) (infield hit)
|
Batting: RHB Joe Alley
|
0-0: Called Strike 0-1: Ball 1-1: Ball 2-1: Foul Ball, location: 2F 2-2: DOUBLE (Line Drive, 78D, EV 106.2 MPH) Colin Worthington to third
|
Batting: RHB Danny Gallo
|
0-0: Ball 1-0: Called Strike 1-1: Ball 2-1: Foul Ball, location: 2F 2-2: Strikes out swinging
|
Batting: LHB Ronnie Ashley
|
0-0: Called Strike 0-1: Foul Ball, location: 2F 0-2: Ball 1-2: Strikes out looking
|
Top of the 9th over - 0 runs, 2 hits, 0 errors, 2 left on base; Memphis 0 - Indianapolis 4 |
|